 Dungeon Crawl Stone Soup version 0.26.1-10-gdfb7c7de75 (webtiles) character file.

Game seed: 8631393294118745752

95 tardwrangler69 the Skirmisher (level 4, -15/25 HPs)
             Began as a Vine Stalker Fighter on Apr 9, 2021.
             Demolished by an ogre
             ... wielding a +0 giant club
              (19 damage)
             ... on level 3 of the Dungeon.
             The game lasted 00:02:09 (2903 turns).

tardwrangler69 the Skirmisher (VSFi)                Turns: 2903, Time: 00:02:10

Health: -15/25     AC:  7    Str: 20    XL:     4   Next: 66%
Magic:  0/5        EV:  7    Int:  8    God:
Gold:   69         SH:  9    Dex: 13    Spells: 3/3 levels left

rFire    . . .     SeeInvis .   a - +0 rapier
rCold    . . .     Faith    .   c - +0 kite shield
rNeg     . . .     Spirit   +   b - +0 scale mail
rPois    .         Reflect  .   j - +1 hat
rElec    .         Harm     .   (no cloak)
rCorr    .         Rampage  .   (no gloves)
Will     .....                  (no boots)
Stlth    ..........             (no amulet)
HPRegen  0.48/turn              (no ring)
MPRegen  0.09/turn              (no ring)

@: no status effects
A: fangs 2, regeneration 1, magic shield, antimagic bite, no potion heal 3
a: no special abilities


You were on level 3 of the Dungeon.
You visited 1 branch of the dungeon, and saw 3 of its levels.

You collected 69 gold pieces.

Inventory:

Hand Weapons
 a - a +0 rapier (weapon)
Armour
 b - a +0 scale mail (worn)
 c - a +0 kite shield (worn)
 j - a +1 hat (worn)
Wands
 n - a wand of random effects (16)
Scrolls
 e - 3 scrolls of fog {unknown}
 f - a scroll of magic mapping {unknown}
 h - a scroll of enchant weapon {unknown}
 i - 2 scrolls of remove curse {unknown}
 k - 3 scrolls of identify {unknown}
 m - 2 scrolls of teleportation {unknown}
 o - a scroll of random uselessness {unknown}
Potions
 d - a potion of might
 g - 3 potions of haste {unknown}
 l - a potion of brilliance {unknown}
 p - a potion of flight {unknown}


   Skills:
 + Level 3.9 Fighting
 + Level 3.2 Short Blades
 - Level 2.4 Armour
 - Level 2.6 Shields


You had 3 spell levels left.
You didn't know any spells.
Your spell library was empty.

Dungeon Overview and Level Annotations

Branches:
Dungeon (3/15)

Altars:
Xom

Annotations:
D:3 3 runed translucent doors


Innate Abilities, Weirdness & Mutations

You have extremely sharp teeth.
Your natural rate of healing is unusually fast.
When hurt, damage is shared between your health and your magic reserves.
Your bite disrupts and absorbs the magic of your enemies.
Potions cannot restore your health.


Message History

You puncture the ogre! You bite the ogre. You drain its power.
The ogre is moderately wounded.
The ogre hits you with a +0 giant club!
You barely miss the ogre. Your bite misses the ogre.
The ogre is moderately wounded.
The ogre closely misses you.
You closely miss the ogre.
The ogre is moderately wounded.
You block the ogre's attack.
You hit the ogre.
The ogre is heavily wounded.
You hit the ogre. Your bite misses the ogre.
The ogre is heavily wounded.
The ogre hits you with a +0 giant club!
* * * LOW HITPOINT WARNING * * *
You hit the ogre.
The ogre is severely wounded.
The ogre hits you with a +0 giant club!!
Ouch! That really hurt!
You die...

#.#.###.#
#.......# ##
#.#.....# ..
#.####### ..# #.#
#.# ..# #.#
#.#####..# #. #.#
#........#... #O#
#.##.........
#@####...........>
#......##.....###.
#.####.##.........
#.# #.##.###.###.
### ####.# #.....
#.###.....
#.........
###.##......
#...........


You could see an ogre.

Vanquished Creatures
  3 gnolls
  2 oozes
  2 worms (D:2)
  A dart slug (D:1)
  2 orcs (D:3)
  6 bats
  2 giant cockroaches
  4 hobgoblins
  A quokka (D:3)
  A ball python (D:1)
  5 frilled lizards
  3 goblins
  10 kobolds
  13 rats
55 creatures vanquished.

Notes
Turn   | Place    | Note
-------+----------+-------------------------------------------
     0 | D:1      | tardwrangler69 the Vine Stalker Fighter began the quest for
                  | the Orb.
     0 | D:1      | Reached XP level 1. HP: 11/11 MP: 2/2
   217 | D:1      | Reached XP level 2. HP: 15/16 MP: 3/3
  1002 | D:1      | Reached XP level 3. HP: 20/20 MP: 4/4
  1319 | D:2      | Found a shimmering altar of Xom.
  2069 | D:2      | Gained mutation: Your natural rate of healing is unusually
                  | fast. [Vine Stalker growth]
  2069 | D:2      | Reached XP level 4. HP: 19/25 MP: 5/5
  2143 | D:2      | Found a faded altar of an unknown god.
  2682 | D:3      | Found a runed translucent gate.
  2683 | D:3      | Found a runed translucent gate.
  2684 | D:3      | Found a runed translucent gate.
  2888 | D:3      | Noticed an ogre
  2903 | D:3      | Demolished by an ogre

Illustrated notes

Levels and vault maps discovered:
D:1:      dpeg_arrival_arbitrary_a, layout_loops_ring, serial_glass,
          glass_columns_b, glass_columns_b, glass_columns_b, glass_columns_a,
          glass_columns_a, glass_columns_a, hangedman_decor_points
D:2:      minmay_diamond_boxcup, layout_loops_cross, xom_teletrap_fun,
          serial_glass, glass_columns_c, glass_columns_b, item_on_display_a,
          feat_on_display, item_on_display_a, minmay_strange_pillars,
          chequers_ecumenical_altar_simple
D:3:      layout_basic, ebering_ghost_rock_garden

Skill      XL: |  1  2  3 |
---------------+----------+-----
Short Blades   | 2 3 |  3.2
Fighting       | 3 |  3.9
Armour         | |  2.4
Shields        | |  2.6

Action                   |  1- 3 |  4- 6 || total
-------------------------+-------+-------++-------
Melee: Rapier            |    98 |    65 ||   163
       Bite              |    29 |    23 ||    52
Armor: Scale mail        |    49 |    20 ||    69
Dodge: Dodged            |    35 |    12 ||    47
Block: Kite shield       |    38 |    21 ||    59
